cohdb
Replays
Latest Replays
All Replays
Popular Replays
Top Player Replays
Match Explorer
How It Works
Community
CoH3 Stats
Reddit
Sign in to upload your games and track your stats! →
Sign in with Steam
Match 43097193
Unlisted
Match 43097193
Overview
Messages
Build Orders
End
Scout Squad
Construct Barracks
Selects Armored Battlegroup
Selects Assault Engineers
Riflemen Squad
Riflemen Squad
Grenade Package
Riflemen Squad
Infantry Support Center
Riflemen Squad
Construct Motor Pool
M8 Greyhound Armored Car
Construct Medical Station
Selects Fast Deploy
M1918 Browning Automatic Rifles
Assault Engineer Squad
M1 Anti-tank Gun Team
Selects M8 Scott SPG
M8 Scott SPG
M1 Mortar Team
Construct Tank Depot
Selects UNKNOWN (2160077)
Selects Field Repairs
Field Repairs
Selects War Machine
M4A3E8 Sherman Easy Eight
M18 Hellcat Tank Destroyer
M18 Hellcat Tank Destroyer
Demolitions Package
M4A3E8 Sherman Easy Eight
Ssezra
Dr.eiser
Crazy Dog
matrix4x4
Ondo
MAKattack
giants041
吃着西瓜弹棉花
0
0
Comments
sign in to comment!
No comments posted yet!